 Dungeon Sprint DCSS version 0.21.0 (webtiles) character file.

2772 wojtek the Bludgeoner (level 9, -19/135 HPs)
             Began as a Minotaur Berserker on Jan 6, 2018.
             Was a Priest of Trog.
             Demolished by a tentacle (23 damage)
             ... attached to a kraken
             ... in the Dungeon (Sprint II: "The Violet Keep of Menkaure").
             The game lasted 00:03:01 (1253 turns).

wojtek the Bludgeoner (Minotaur Berserker)          Turns: 1253, Time: 00:03:02

Health: -19/135    AC:  3    Str: 30    XL:     9   Next: 42%
Magic:  8/8        EV: 17    Int:  4    God:    Trog [***...]
Gold:   1053       SH:  0    Dex: 10    Spells: 8/8 levels left

rFire    . . .     SeeInvis .   a - +0 mace
rCold    . . .     Gourm    .   (no shield)
rNeg     . . .     Faith    .   b - +0 animal skin
rPois    .         Spirit   .   (helmet restricted)
rElec    .         Reflect  .   (no cloak)
rCorr    .         Harm     .   (no gloves)
MR       .....     NoTele   +   (no boots)
Stlth    ..........             (no amulet)
HPRegen  0.32/turn              (no ring)
MPRegen  0.11/turn              (no ring)

@: berserking, very quick
A: retaliatory headbutt, horns 2
a: Berserk, Trog's Hand, Burn Spellbooks, Renounce Religion


You were in the Dungeon.
You worshipped Trog.
Trog was most pleased with you.
You were near starving.

You visited 1 branch You collected 1053 gold pieces.

Inventory:

Hand Weapons
 a - a +0 mace (weapon)
Armour
 b - a +0 animal skin (worn)
Scrolls
 i - a scroll of blinking
Potions
 d - a potion of curing
 e - a potion of heal wounds
 f - a potion of haste
 g - 2 potions of magic
 h - a potion of berserk rage
Comestibles
 c - a ration


   Skills:
 + Level 12.1 Fighting
 * Level 16.0 Maces & Flails
 + Level 11.8 Armour
 + Level 10.9 Dodging


You had 8 spell levels left.
You didn't know any spells.

Dungeon Overview and Level Annotations

Branches:
Dungeon (1/1)

Altars:
Cheibriados
Dithmenos
Elyvilon
Fedhas
Gozag
Hepliaklqana
Kikubaaqudgha
Makhleb
Nemelex Xobeh
Qazlal
Ru
Sif Muna
Trog
Uskayaw
Wu Jian
Xom
Yredelemnul
The Shining One
Beogh
Jiyva
Lugonu

Shops:
D ?=%!}[!=:(}


Innate Abilities, Weirdness & Mutations

You reflexively headbutt those who attack you in melee.
You have a pair of horns on your head.


Message History

The tentacle is almost dead.
The tentacle closely misses you. The tentacle barely misses you.
You furiously retaliate!
You headbutt the tentacle! You sock the tentacle!
You kill the tentacle!
The tentacle slaps you but does no damage.
A tentacle rises from the water!
The tentacle barely misses you. The tentacle slaps you!
A tentacle comes into view.
You sock the kraken!
The kraken is severely wounded.
The kraken closely misses you. You furiously retaliate!
You headbutt the kraken, but do no damage.
The tentacle slaps you!! The tentacle slaps you!
You hit the kraken.
The kraken is severely wounded.
The kraken bites you!!!
* * * LOW HITPOINT WARNING * * *
The tentacle slaps you!!
You die...

. ▓[?!%$(?[▓▓ .###
)▓!%$!)$[$▓▓
...####▓)?)?!%$$▓▓
#..##.#▓![$!$?)?▓▓
+..#..#▓($%)([?$▓▓
#..#..#▓$=)$)??)▓▓
#..##.#▓$!$?[[$!▓▓
##..)##▓▓▓▓▓▓▓'▓▓▓▓+▓
.≈≈≈≈≈≈≈≈≈≈≈≈≈..@Xw≈▓
.≈#+########'###www≈▓
.≈#.._.....#≈≈§##≈≈≈▓
.≈#._._....#§≈≈§####▓
≈≈#_._._...#§≈≈§§#
≈≈#._._._..#≈§≈§≈§#
≈§#_._._._.#≈§≈§§≈+
≈≈#._._._._#≈§§§§≈#
≈≈#_._._._.#≈≈§§§≈▓


You could see a kraken and 4 tentacles.

Vanquished Creatures
  A merfolk siren (D)
  A yaktaur (D)
  3 polar bears (D)
  2 tyrant leeches (D)
  A hornet (D)
  2 hippogriffs (D)
  4 necrophages (D)
  4 crocodiles (D)
  A tentacle (D)
19 creatures vanquished.

Vanquished Creatures (others)
  Menkaure (D)
  A crocodile (D)
  12 tentacles (D)
14 creatures vanquished.

Grand Total: 33 creatures vanquished

Notes
Turn   | Place    | Note
-------+----------+-------------------------------------------
     0 | D        | wojtek the Minotaur Berserker began the quest for the Orb.
     0 | D        | Reached XP level 1. HP: 19/19 MP: 0/0
     1 | D        | Noticed a tyrant leech
     1 | D        | Noticed a tyrant leech
     4 | D        | Noticed a necrophage
     4 | D        | Noticed a necrophage
     4 | D        | Noticed a necrophage
     4 | D        | Noticed a necrophage
    10 | D        | Killed a necrophage
    10 | D        | Reached skill level 5 in Fighting
    10 | D        | Reached skill level 7 in Maces & Flails
    10 | D        | Reached skill level 5 in Armour
    10 | D        | Reached XP level 2. HP: 30/30 MP: 1/1
    10 | D        | Reached XP level 3. HP: 37/37 MP: 2/2
    10 | D        | Reached XP level 4. HP: 44/44 MP: 3/3
    15 | D        | Killed a necrophage
    15 | D        | Reached skill level 8 in Maces & Flails
    15 | D        | Reached skill level 5 in Dodging
    15 | D        | Reached XP level 5. HP: 51/51 MP: 4/4
    17 | D        | Killed a necrophage
    17 | D        | Reached ** piety under Trog
    17 | D        | Reached skill level 10 in Maces & Flails
    25 | D        | Killed a necrophage
    25 | D        | Reached XP level 6. HP: 61/61 MP: 5/5
    39 | D        | Killed Menkaure
    89 | D        | Noticed a hippogriff
    89 | D        | Noticed a hippogriff
    93 | D        | Killed a hippogriff
    93 | D        | Reached skill level 11 in Maces & Flails
    93 | D        | Reached XP level 7. HP: 69/69 MP: 6/6
    97 | D        | Killed a hippogriff
    97 | D        | Reached *** piety under Trog
    97 | D        | Reached skill level 12 in Maces & Flails
   166 | D        | Noticed a merfolk siren
   183 | D        | Killed a merfolk siren
   183 | D        | Reached skill level 10 in Fighting
   183 | D        | Reached skill level 13 in Maces & Flails
   183 | D        | Reached XP level 8. HP: 51/79 MP: 7/7
   316 | D        | Killed a tyrant leech
   316 | D        | Reached skill level 10 in Armour
   324 | D        | Killed a tyrant leech
   324 | D        | Reached **** piety under Trog
   324 | D        | Reached skill level 14 in Maces & Flails
   637 | D        | Found Pecreech's Distillery.
   637 | D        | Found Itsidiw's Book Shop.
   637 | D        | Found Cimm's Gadget Boutique.
   637 | D        | Found Ryramm's Gadget Shop.
   637 | D        | Found Hotuisot's Antique Armour Boutique.
   637 | D        | Found Yjemej's Jewellery Boutique.
   638 | D        | Found Wydwobbe's Distillery.
   638 | D        | Found Variri's Food Shop.
   638 | D        | Found Geuty's Antique Weapon Boutique.
   639 | D        | Found Fualucs's Jewellery Shop.
   639 | D        | Found Sugryczu's Magic Scroll Boutique.
   762 | D        | Found a stormy altar of Qazlal.
   762 | D        | Found an ornate altar of the Wu Jian Council.
   763 | D        | Found a hazy altar of Hepliaklqana.
   763 | D        | Found a sacrificial altar of Ru.
   763 | D        | Found a shimmering altar of Xom.
   764 | D        | Found a roughly hewn altar of Beogh.
   764 | D        | Found a viscous altar of Jiyva.
   764 | D        | Found a deep blue altar of Sif Muna.
   765 | D        | Found a snail-covered altar of Cheibriados.
   765 | D        | Found an ancient bone altar of Kikubaaqudgha.
   765 | D        | Found a bloodstained altar of Trog.
   766 | D        | Found a shadowy altar of Dithmenos.
   766 | D        | Found a corrupted altar of Lugonu.
   767 | D        | Found a white marble altar of Elyvilon.
   767 | D        | Found a burning altar of Makhleb.
   767 | D        | Found a glowing golden altar of the Shining One.
   767 | D        | Found a basalt altar of Yredelemnul.
   767 | D        | Found a hide-covered altar of Uskayaw.
   768 | D        | Found a blossoming altar of Fedhas.
   771 | D        | Noticed a yaktaur
   771 | D        | Noticed a hornet
   771 | D        | Noticed a polar bear
   772 | D        | Noticed a polar bear
   773 | D        | Killed a polar bear
   773 | D        | Reached skill level 10 in Dodging
   774 | D        | Noticed a polar bear
   778 | D        | Killed a polar bear
   778 | D        | Reached XP level 9. HP: 89/89 MP: 8/8
   783 | D        | Reached skill level 15 in Maces & Flails
   798 | D        | Killed a polar bear
   801 | D        | Killed a yaktaur
   983 | D        | Found an opulent altar of Gozag.
   989 | D        | Noticed a kraken
  1005 | D        | Reached ***** piety under Trog
  1005 | D        | Reached skill level 16 in Maces & Flails
  1227 | D        | Found a sparkling altar of Nemelex Xobeh.
  1253 | D        | HP: 4/135 [kraken (42)]
  1253 | D        | Demolished by a tentacle

Skill      XL: |  1  2  3  4  5  6  7  8  9 |
---------------+----------------------------+-----
Fighting       | 5 6 8 10 11 12 | 12.1
Maces & Flails | 7 8 10 11 13 14 16 | 16.0
Armour         | 5 6 7 8 9 11 | 11.8
Dodging        | 4 5 6 7 9 10 | 10.9

Action                   |  1- 3 |  4- 6 |  7- 9 || total
-------------------------+-------+-------+-------++-------
Melee: Mace              |     5 |    17 |    76 ||    98
       Headbutt          |     2 |     5 |    21 ||    28
Invok: Berserk           |     1 |     1 |     4 ||     6
       Brothers in Arms  |       |       |     3 ||     3
       Trog's Hand       |       |       |     2 ||     2
  Eat: Chunk             |       |       |     6 ||     6
Armor: Animal skin       |       |     1 |     8 ||     9
Dodge: Dodged            |     1 |     8 |    46 ||    55
